 Dungeon Crawl Stone Soup version 0.16-a0-764-g7febf84 (webtiles) character file.

358 M4edhros the Ducker (level 6, -5/38 HPs)
             Began as an Octopode Artificer on Sept 23, 2014.
             Killed themself with a badly aimed fireball (13 damage)
             ... on Level 5 of the Dungeon on Sept 24, 2014.
             The game lasted 00:11:13 (3304 turns).

M4edhros the Ducker (Octopode Artificer)            Turns: 3304, Time: 00:11:13

HP  -5/38        AC  1     Str 10      XL: 6   Next: 64%
MP  10/10        EV  9     Int 17      God:
Gold 147         SH 10     Dex 12      Spells:  0 memorised,  5 levels left

rFire  . . .     SeeInvis .     e - +0 spear
rCold  . . .     Clarity  .     r - +0 large shield
rNeg   . . .     rCorr    .     (helmet restricted)
rPois  .         rRot     .     (no amulet)
rElec  .         Spirit   .     (no ring)
SustAb .         Warding  .     (no ring)
rMut   .         Stasis   .     (no ring)
Gourm  .                        (no ring)
MR     .....                    (no ring)
                                (no ring)
                                (no ring)
                                (no ring)

@: not resistant to hostile enchantments, fairly stealthy
A: almost no armour, amphibious, 8 rings, constrict 8, camouflage 1, gelatinous
body 1
a: no special abilities


You were on level 5 of the Dungeon.
You were hungry.

You visited 1 branch of the dungeon, and saw 5 of its levels.

You collected 147 gold pieces.

Inventory:

Hand weapons
 a - a +0 short sword
 e - a +0 spear (weapon)
Missiles
 h - 16 sling bullets
 i - 18 stones (quivered)
 s - 6 sling bullets of frost
Armour
 r - a +0 large shield (worn)
Magical devices
 b - a wand of flame (2)
 c - a wand of enslavement (10)
 d - a wand of random effects (3)
Comestibles
 f - a bread ration
 l - a beef jerky
 q - a rotting chunk of hound flesh
Scrolls
 j - a scroll of remove curse
 k - a scroll of random uselessness {unknown}
 m - 2 scrolls of noise {unknown}
 n - a scroll of recharging {unknown}
 o - a scroll of enchant armour {unknown}
Potions
 p - 2 potions of porridge
Books
 g - a Grand Grimoire {highlevel, unknown}

   This book is beyond your current level of understanding.

   Spells                             Type                      Level
   Aura of Abjuration                 Summoning                    6
   Forceful Dismissal                 Summoning                    6
   Summon Greater Demon               Summoning                    7
   Malign Gateway                     Summoning/Translocation      7
   Summon Horrible Things             Summoning                    8


   Skills:
 - Level 1.0 Fighting
 - Level 1.0 Short Blades
 + Level 3.2 Polearms
 + Level 5.0 Dodging
 - Level 1.3 Stealth
 * Level 0.4 Shields
 - Level 4.7 Evocations


You had 5 spell levels left.
You didn't know any spells.

Dungeon Overview and Level Annotations

Branches:
Dungeon (5/15)
 Temple: D:4-7

Altars:
Cheibriados
Gozag
Trog


Innate Abilities, Weirdness & Mutations

You cannot wear most types of armour.
You are amphibious.
You can wear up to eight rings at the same time.
You can use your tentacles to constrict many enemies at once.
Your skin changes colour to match your surroundings (Stealth).
Your rubbery body absorbs attacks (AC +1).


Message History

Evoke which item? (* to show all) (? for menu, Esc to quit)
Zapping:
d - a wand of random effects (4)
Press: ? - help, Shift-Dir - straight line, f - shadow imp
Aim: a shadow imp You hear a mighty clap of thunder!
The bolt of lightning hits something.
The bolt of lightning misses the shadow imp.
This wand has 3 charges left.
You hit something but do no damage. Something hits you. Something shocks you.
You miss something. Your squeeze misses something.
Something hits you but does no damage. Something hits you.
Something shocks you.
* * * LOW HITPOINT WARNING * * *
Evoke which item? (* to show all) (? for menu, Esc to quit)
Zapping:
d - a wand of random effects (3)
Press: ? - help, Shift-Dir - straight line, f/p - shadow imp
Aim: a shadow imp The fireball explodes!
The fireball engulfs something.
The fireball engulfs you!
You die...

#...#
####...#########
###...............
.........#######.#
#........# ###.#
......#.## ##.##.#
###..##.####...#.#
#..##.##....##.#
##.....##...###@#
#..##.......5.{>##
#.###..##.<......#
##...............##
.........#...#.###
..Z5?.##.#.###.#
....).##...# ..#
......##.####.##
......##.# #.


You could see a shadow imp.

Vanquished Creatures
  An ice beast (D:5)
  A hound (D:5)
  An orc priest (D:4)
  An iguana (D:4)
  3 orc wizards
  A worker ant (D:4)
  An adder (D:5)
  2 worms (D:4)
  A giant mite (D:5)
  2 giant geckos
  3 oozes
  5 orcs
  A giant mite zombie (D:5)
  5 hobgoblins
  2 jackals (D:2)
  A ball python (D:4)
  6 bats
  A giant cockroach (D:1)
  A giant newt (D:2)
  6 goblins
  A goblin skeleton (D:4)
  A hobgoblin skeleton (D:4)
  7 kobolds
  An orc zombie (D:5)
  A quokka (D:3)
  12 rats
68 creatures vanquished.

Vanquished Creatures (collateral kills)
  A giant gecko (D:5)
  3 orcs (D:5)
4 creatures vanquished.

Vanquished Creatures (others)
  An adder zombie (D:5)
  2 kobolds (D:5)
  A rat zombie (D:5)
4 creatures vanquished.

Grand Total: 76 creatures vanquished

Notes
Turn   | Place    | Note
--------------------------------------------------------------
     0 | D:1      | M4edhros, the Octopode Artificer, began the quest for the Orb.
     0 | D:1      | Reached XP level 1. HP: 13/13 MP: 1/1
   176 | D:1      | Reached XP level 2. HP: 6/18 MP: 3/3
   854 | D:2      | Reached skill level 4 in Evocations
   890 | D:2      | Reached XP level 3. HP: 15/23 MP: 5/5
  1681 | D:3      | Found an opulent altar of Gozag.
  1706 | D:4      | Reached XP level 4. HP: 20/28 MP: 7/7
  1781 | D:4      | Found a snail-covered altar of Cheibriados.
  2096 | D:4      | HP: 1/28 [something/divine providence (16)]
  2349 | D:4      | Reached skill level 1 in Polearms
  2456 | D:4      | Reached XP level 5. HP: 30/33 MP: 8/8
  2499 | D:4      | Found a bloodstained altar of Trog.
  2606 | D:5      | Entered Level 5 of the Dungeon
  2953 | D:5      | Noticed an ice beast
  2956 | D:5      | Killed an ice beast
  2956 | D:5      | Reached XP level 6. HP: 38/38 MP: 10/10
  2985 | D:5      | Reached skill level 5 in Dodging
  3015 | D:5      | Noticed a sky beast
  3220 | D:5      | Noticed an ogre
  3304 | D:5      | Killed themself with a badly aimed fireball

Action                   |  1- 3 |  4- 6 || total
-------------------------+-------+-------++-------
Melee: Spear             |    92 |    77 ||   169
       Short sword       |     8 |       ||     8
Evoke: Wand              |     3 |    27 ||    30
  Use: Potion            |       |     4 ||     4
       Scroll            |       |     1 ||     1
 Stab: Sleeping          |     8 |       ||     8
       Distracted        |       |     2 ||     2
  Eat: Chunk             |     2 |     5 ||     7
